ATL
LONG ISLAND DUCKS @ HIGH POINT ROCKERS
08/01/2072
 
TOP OF THE 1ST
White Sands Pupfish batting - Pitching for Santa Cruz Seaweed : RHP Alex Chapman
Pitching: RHP Alex Chapman
Batting: LHB Octavio Alicea 0-0: Called Strike
0-1: SINGLE (Line Drive, 6MD, EV 109.4 MPH)
Batting: RHB Bill Forstner 0-0: Ball
1-0: Ball
2-0: Called Strike
2-1: Ball
3-1: Foul Ball, location: 2F
3-2: Ground out 5-3 (Groundball, 56, EV 105.0 MPH)
Octavio Alicea to second
Batting: RHB Dave Lowery 0-0: Called Strike
0-1: Ground out 5-3 (Groundball, 56, EV 86.2 MPH)
Batting: LHB John Pinkham 0-0: Called Strike
0-1: Ball
1-1: Foul Ball, location: 2F
1-2: Hit by Pitch
Batting: RHB Jose Abreu 0-0: Called Strike
0-1: Swinging Strike
0-2: Hit by Pitch
Octavio Alicea to third
John Pinkham to second
Batting: RHB Harrison Smith 0-0: Foul Ball, location: 2F
0-1: Ground out 5-3 (Groundball, 56S, EV 67.5 MPH)
Top of the 1st over - 0 runs, 1 hit, 0 errors, 3 left on base; White Sands 0 - Santa Cruz 0
BOTTOM OF THE 1ST
Santa Cruz Seaweed batting - Pitching for White Sands Pupfish : RHP Brandon Ramirez
Pitching: RHP Brandon Ramirez
Batting: RHB Joey McKnight 0-0: Ball
1-0: Ball
2-0: Foul Ball, location: 2F
2-1: Called Strike
2-2: Foul Ball, location: 2F
2-2: Strikes out swinging
Batting: LHB Sean Guida 0-0: Fly out, F7 (Flyball, 7LS, EV 87.5 MPH)
Batting: SHB Pedro Delgado 0-0: Ball
1-0: Fly out, F7 (Flyball, 7LM, EV 90.6 MPH)
Bottom of the 1st over - 0 runs, 0 hits, 0 errors, 0 left on base; White Sands 0 - Santa Cruz 0
TOP OF THE 2ND
White Sands Pupfish batting - Pitching for Santa Cruz Seaweed : RHP Alex Chapman
Batting: RHB Alvin Sanchez 0-0: Ball
1-0: Called Strike
1-1: Ball
2-1: SINGLE (Groundball, 34D, EV 110.6 MPH)
Batting: RHB Karlos Joseph 0-0: Called Strike
0-1: Ball
1-1: Foul Ball, location: 2F
1-2: Strikes out swinging
Batting: RHB Brandon Ramirez 0-0: Sac Bunt to 3S - play at first, batter OUT! 3-4
Alvin Sanchez to second
Batting: LHB Octavio Alicea 0-0: Fly out, F8 (Line Drive, 8LM, EV 94.4 MPH)
Top of the 2nd over - 0 runs, 1 hit, 0 errors, 1 left on base; White Sands 0 - Santa Cruz 0
BOTTOM OF THE 2ND
Santa Cruz Seaweed batting - Pitching for White Sands Pupfish : RHP Brandon Ramirez
Batting: LHB Angel Mejia 0-0: Foul Ball, location: 2F
0-1: Fly out, F7 (Line Drive, 7, EV 86.9 MPH)
Batting: RHB Ivan Bedolla 0-0: Foul Ball, location: 2F
0-1: Foul Ball, location: 2F
0-2: Ground out 1-3 (Groundball, 13S, EV 63.1 MPH)
Batting: RHB Ricky Quinn 0-0: Called Strike
0-1: Swinging Strike
0-2: Ball
1-2: Ball
2-2: Ball
3-2: DOUBLE (Groundball, 5L, EV 105.6 MPH)
Batting: RHB Arturo Reyes 0-0: Called Strike
0-1: Called Strike
0-2: Ball
1-2: Strikes out swinging
Bottom of the 2nd over - 0 runs, 1 hit, 0 errors, 1 left on base; White Sands 0 - Santa Cruz 0
TOP OF THE 3RD
White Sands Pupfish batting - Pitching for Santa Cruz Seaweed : RHP Alex Chapman
Batting: RHB Bill Forstner 0-0: Called Strike
0-1: Foul Ball, location: 2F
0-2: Ball
1-2: Foul Ball, location: 2F
1-2: Ball
2-2: Ball
3-2: Fly out, F8 (Flyball, 8LD, EV 96.2 MPH)
Batting: RHB Dave Lowery 0-0: Called Strike
0-1: Ball
1-1: Fly out, F3 (Popup, 3S, EV 74.4 MPH)
Batting: LHB John Pinkham 0-0: Called Strike
0-1: Ball
1-1: Ball
2-1: Swinging Strike
2-2: Strikes out looking
Top of the 3rd over - 0 runs, 0 hits, 0 errors, 0 left on base; White Sands 0 - Santa Cruz 0
BOTTOM OF THE 3RD
Santa Cruz Seaweed batting - Pitching for White Sands Pupfish : RHP Brandon Ramirez
Batting: RHB James DeRose 0-0: Swinging Strike
0-1: Foul Ball, location: 2F
0-2: Ground out 6-3 (Groundball, 6, EV 103.1 MPH)
Batting: RHB Alex Chapman 0-0: Ground out 4-3 (Groundball, 4, EV 89.4 MPH)
Batting: RHB Joey McKnight 0-0: Fly out, F7 (Flyball, 7, EV 86.9 MPH)
Bottom of the 3rd over - 0 runs, 0 hits, 0 errors, 0 left on base; White Sands 0 - Santa Cruz 0
TOP OF THE 4TH
White Sands Pupfish batting - Pitching for Santa Cruz Seaweed : RHP Alex Chapman
Batting: RHB Jose Abreu 0-0: Swinging Strike
0-1: Ball
1-1: Ball
2-1: Ball
3-1: Called Strike
3-2: Foul Ball, location: 2F
3-2: Strikes out swinging
Batting: RHB Harrison Smith 0-0: Ball
1-0: Ball
2-0: Called Strike
2-1: Ball
3-1: Foul Ball, location: 2F
3-2: Foul Ball, location: 2F
3-2: Base on Balls
Batting: RHB Alvin Sanchez 0-0: Ball
1-0: Ball
2-0: Ball
3-0: Base on Balls
Harrison Smith to second
Batting: RHB Karlos Joseph 0-0: Ball
1-0: Swinging Strike
1-1: Called Strike
1-2: Strikes out looking
Batting: RHB Brandon Ramirez 0-0: Ball
1-0: Ball
2-0: Ball
3-0: Called Strike
3-1: Fly out, F7 (Flyball, 7LS, EV 81.9 MPH)
Top of the 4th over - 0 runs, 0 hits, 0 errors, 2 left on base; White Sands 0 - Santa Cruz 0
BOTTOM OF THE 4TH
Santa Cruz Seaweed batting - Pitching for White Sands Pupfish : RHP Brandon Ramirez
Batting: LHB Sean Guida 0-0: Ball
1-0: Ball
2-0: Ball
3-0: Called Strike
3-1: Base on Balls
Batting: SHB Pedro Delgado 0-0: Ball
1-0: Swinging Strike
1-1: Swinging Strike
1-2: Ball
2-2: Ball
3-2: Ground out U3 (Groundball, 3L, EV 100.0 MPH)
Sean Guida to second
Batting: LHB Angel Mejia 0-0: Called Strike
0-1: Called Strike
0-2: Ball
1-2: SINGLE (Line Drive, 8RS, EV 89.4 MPH)
Sean Guida to third
Runner from 3rd tries for Home, SAFE, throw by CF to home
Batting: RHB Ivan Bedolla 0-0: Ball
1-0: Ball
2-0: Foul Ball, location: 2F
2-1: Foul Ball, location: 2F
2-2: Foul Ball, location: 2F
2-2: Ball
3-2: SINGLE (Flyball, 9LS, EV 96.9 MPH)
Angel Mejia to second
Batting: RHB Ricky Quinn 0-0: Foul Ball, location: 2F
0-1: Ball
1-1: Foul Ball, location: 2F
1-2: Ball
2-2: Ball
3-2: Foul Ball, location: 2F
3-2: Hit by Pitch
Angel Mejia to third
Ivan Bedolla to second
Batting: RHB Arturo Reyes 0-0: Called Strike
0-1: SINGLE (Flyball, 8LS, EV 100.6 MPH)
Angel Mejia scores
Ivan Bedolla to third
Ricky Quinn to second
Batting: RHB James DeRose 0-0: Ball
1-0: Fly out, F8 (Flyball, 8RD, EV 98.1 MPH)
Runner from 3rd tags up, SCORES, throw by CF
Ricky Quinn to third
Batting: RHB Alex Chapman 0-0: Foul Ball, location: 2F
0-1: Ball
Wild Pitch!
Ricky Quinn scores
Arturo Reyes to second
1-1: Foul Ball, location: 2F
1-2: Foul Ball, location: 2F
1-2: Foul Ball, location: 2F
1-2: Strikes out swinging
Bottom of the 4th over - 4 runs, 3 hits, 0 errors, 1 left on base; White Sands 0 - Santa Cruz 4
TOP OF THE 5TH
White Sands Pupfish batting - Pitching for Santa Cruz Seaweed : RHP Alex Chapman
Batting: LHB Octavio Alicea 0-0: Ball
1-0: Called Strike
1-1: Ball
2-1: Foul Ball, location: 2F
2-2: Ball
3-2: Strikes out swinging
Batting: RHB Bill Forstner 0-0: Swinging Strike
0-1: Ball
1-1: Called Strike
1-2: Ball
2-2: Foul Ball, location: 2F
2-2: Strikes out swinging
Batting: RHB Dave Lowery 0-0: SINGLE (Line Drive, 9S, EV 99.4 MPH)
Batting: LHB John Pinkham 0-0: Called Strike
0-1: Ball
1-1: Ball
2-1: Foul Ball, location: 2F
2-2: Ground out 4-3 (Groundball, 4, EV 91.9 MPH)
Top of the 5th over - 0 runs, 1 hit, 0 errors, 1 left on base; White Sands 0 - Santa Cruz 4
BOTTOM OF THE 5TH
Santa Cruz Seaweed batting - Pitching for White Sands Pupfish : RHP Brandon Ramirez
Batting: RHB Joey McKnight 0-0: DOUBLE (Line Drive, 9LM, EV 100.0 MPH)
Batting: LHB Sean Guida 0-0: Foul Ball, location: 2F
0-1: Ball
Wild Pitch!
Joey McKnight to third
1-1: Fly out, F7 (Line Drive, 7, EV 95.6 MPH)
Batting: SHB Pedro Delgado 0-0: Ball
1-0: Ball
2-0: Ball
3-0: Called Strike
3-1: Foul Ball, location: 2F
3-2: Foul Ball, location: 2F
3-2: Strikes out swinging
Batting: LHB Angel Mejia 0-0: Called Strike
0-1: Ball
1-1: Foul Ball, location: 2F
1-2: Ball
2-2: Hit by Pitch
Batting: RHB Ivan Bedolla 0-0: Ball
1-0: Called Strike
1-1: SINGLE (Groundball, 6MD, EV 103.8 MPH)
Joey McKnight scores
Angel Mejia to second
Runner from 2nd tries for 3rd, SAFE, throw by CF made to third
Batting: RHB Ricky Quinn 0-0: Ball
1-0: Swinging Strike
1-1: Fly out, F2 (Popup, 15S, EV 85.6 MPH)
Bottom of the 5th over - 1 run, 2 hits, 0 errors, 2 left on base; White Sands 0 - Santa Cruz 5
TOP OF THE 6TH
White Sands Pupfish batting - Pitching for Santa Cruz Seaweed : RHP Alex Chapman
Batting: RHB Jose Abreu 0-0: Called Strike
0-1: Ball
1-1: Foul Ball, location: 2F
1-2: Ball
2-2: Strikes out swinging
Pitching: LHP Jack Crumm
Batting: RHB Harrison Smith 0-0: Ball
1-0: Ball
2-0: Foul Ball, location: 2F
2-1: Foul Ball, location: 2F
2-2: Foul Ball, location: 2F
2-2: Foul Ball, location: 2F
2-2: Ball
3-2: Foul Ball, location: 2F
3-2: Strikes out swinging
Batting: RHB Alvin Sanchez 0-0: SINGLE (Groundball, 5S, EV 61.9 MPH) (infield hit)
Batting: RHB Karlos Joseph 0-0: Hit by Pitch
Alvin Sanchez to second
Pinch Hitting: RHB Matt Evans 0-0: Called Strike
0-1: Fly out, F9 (Line Drive, 9, EV 98.1 MPH)
Top of the 6th over - 0 runs, 1 hit, 0 errors, 2 left on base; White Sands 0 - Santa Cruz 5
BOTTOM OF THE 6TH
Santa Cruz Seaweed batting - Pitching for White Sands Pupfish : RHP Brandon Ramirez
Pitching: RHP Jose Iniguez
Batting: RHB Arturo Reyes 0-0: Ball
1-0: SOLO HOME RUN (Flyball, 78XD, EV 107.5 MPH), Distance : 402 ft
Batting: RHB James DeRose 0-0: Called Strike
0-1: Foul Ball, location: 2F
0-2: Ball
1-2: Ball
2-2: Strikes out swinging
Batting: LHB Jack Crumm 0-0: Swinging Strike
0-1: Swinging Strike
0-2: Strikes out swinging
Batting: RHB Joey McKnight 0-0: Ground out 5-3 (Groundball, 5, EV 95.0 MPH)
Bottom of the 6th over - 1 run, 1 hit, 0 errors, 0 left on base; White Sands 0 - Santa Cruz 6
TOP OF THE 7TH
White Sands Pupfish batting - Pitching for Santa Cruz Seaweed : LHP Jack Crumm
Batting: LHB Octavio Alicea 0-0: Fly out, F9 (Line Drive, 9D, EV 88.8 MPH)
Batting: RHB Bill Forstner 0-0: Foul Ball, location: 2F
0-1: Foul Ball, location: 2F
0-2: Ball
1-2: Ball
2-2: Ball
3-2: Foul Ball, location: 2F
3-2: Foul Ball, location: 2F
3-2: Foul Ball, location: 2F
3-2: Base on Balls
Batting: RHB Dave Lowery 0-0: Hit by Pitch
Bill Forstner to second
Batting: LHB John Pinkham 0-0: Ball
Bill Forstner steals 3rd base
Dave Lowery to second
1-0: Ball
2-0: Called Strike
2-1: Ball
3-1: Ground out 4-3 (Groundball, 4S, EV 88.8 MPH)
Bill Forstner scores
Dave Lowery to third
Batting: RHB Jose Abreu 0-0: Ball
1-0: Ball
2-0: Ball
3-0: Base on Balls
Batting: RHB Harrison Smith 0-0: Called Strike
0-1: Ball
Pickoff Throw to First - Out! 1-3
Top of the 7th over - 1 run, 0 hits, 0 errors, 1 left on base; White Sands 1 - Santa Cruz 6
BOTTOM OF THE 7TH
Santa Cruz Seaweed batting - Pitching for White Sands Pupfish : RHP Jose Iniguez
Batting: LHB Sean Guida 0-0: Called Strike
0-1: Foul Ball, location: 2F
0-2: Ball
1-2: Ball
2-2: Strikes out swinging
Batting: SHB Pedro Delgado 0-0: Ball
1-0: Ball
2-0: Called Strike
2-1: Foul Ball, location: 2F
2-2: Ball
3-2: Strikes out swinging
Batting: LHB Angel Mejia 0-0: Ball
1-0: Ball
2-0: Ball
3-0: Called Strike
3-1: Base on Balls
Batting: RHB Ivan Bedolla 0-0: Foul Ball, location: 2F
0-1: Ball
1-1: Ball
2-1: Ball
3-1: Foul Ball, location: 2F
3-2: 2-RUN HOME RUN (Flyball, 7LD, EV 106.2 MPH), Distance : 353 ft
Batting: RHB Ricky Quinn 0-0: Ball
1-0: Ball
2-0: Ball
3-0: Base on Balls
Batting: RHB Arturo Reyes 0-0: Ball
1-0: Foul Ball, location: 2F
1-1: Ball
2-1: 2-RUN HOME RUN (Flyball, 78XD, EV 91.9 MPH), Distance : 448 ft
Pitching: RHP Tyler Holt
Batting: RHB James DeRose 0-0: Ball
1-0: Swinging Strike
1-1: Foul Ball, location: 2F
1-2: Foul Ball, location: 2F
1-2: Foul Ball, location: 2F
1-2: Foul Ball, location: 2F
1-2: Strikes out looking
Bottom of the 7th over - 4 runs, 2 hits, 0 errors, 0 left on base; White Sands 1 - Santa Cruz 10
TOP OF THE 8TH
White Sands Pupfish batting - Pitching for Santa Cruz Seaweed : LHP Jack Crumm
Batting: RHB Harrison Smith 0-0: Ball
1-0: Ball
2-0: Ball
3-0: Called Strike
3-1: Swinging Strike
3-2: Base on Balls
Batting: RHB Alvin Sanchez 0-0: Called Strike
0-1: Ball
1-1: Ball
2-1: Foul Ball, location: 2F
2-2: Foul Ball, location: 2F
2-2: SINGLE (Flyball, 8RS, EV 94.4 MPH)
Harrison Smith to second
Pitching: RHP James Martin
Batting: RHB Karlos Joseph 0-0: Called Strike
0-1: Called Strike
0-2: Foul Ball, location: 2F
0-2: Strikes out swinging
Pinch Hitting: RHB A.J. Nitzschke 0-0: Ball
1-0: Ball
2-0: Ball
3-0: Base on Balls
Harrison Smith to third
Alvin Sanchez to second
Batting: LHB Octavio Alicea 0-0: Ball
1-0: Called Strike
1-1: Ball
2-1: Foul Ball, location: 2F
2-2: SINGLE (Groundball, 4MD, EV 96.9 MPH)
Harrison Smith scores
Alvin Sanchez to third
A.J. Nitzschke to second
Runner from 3rd tries for Home, SAFE, throw by CF to home
Batting: RHB Bill Forstner 0-0: Ball
1-0: Ball
2-0: Called Strike
2-1: Foul Ball, location: 2F
2-2: Foul Ball, location: 2F
2-2: Foul Ball, location: 2F
2-2: Ball
3-2: Foul Ball, location: 2F
3-2: 3-RUN HOME RUN (Flyball, 78XD, EV 112.5 MPH), Distance : 399 ft
Pitching: RHP Joey Gunnoe
Batting: RHB Dave Lowery 0-0: Called Strike
0-1: Swinging Strike
0-2: Ground out 6-3 (Groundball, 6, EV 84.4 MPH)
Batting: LHB John Pinkham 0-0: Ball
1-0: Ball
2-0: Ball
3-0: Hit by Pitch
Batting: RHB Jose Abreu 0-0: Fly out, F9 (Flyball, 9S, EV 88.8 MPH)
Top of the 8th over - 5 runs, 3 hits, 0 errors, 1 left on base; White Sands 6 - Santa Cruz 10
BOTTOM OF THE 8TH
Santa Cruz Seaweed batting - Pitching for White Sands Pupfish : RHP Tyler Holt
Pitching: RHP Drew Helmueller
Batting: RHB Joey Gunnoe 0-0: Fly out, F9 (Flyball, 9, EV 85.0 MPH)
Batting: RHB Joey McKnight 0-0: DOUBLE (Groundball, 5L, EV 102.5 MPH)
Batting: LHB Sean Guida 0-0: Ball
Joey McKnight steals 3rd base
1-0: Ball
2-0: Ground out 6-3 (Groundball, 6, EV 103.8 MPH)
Joey McKnight scores
Batting: SHB Pedro Delgado 0-0: Foul Ball, location: 2F
0-1: Hit by Pitch
Batting: LHB Angel Mejia 0-0: Ball
1-0: Fly out, F9 (Line Drive, 9, EV 104.4 MPH)
Bottom of the 8th over - 1 run, 1 hit, 0 errors, 1 left on base; White Sands 6 - Santa Cruz 11
TOP OF THE 9TH
White Sands Pupfish batting - Pitching for Santa Cruz Seaweed : RHP Joey Gunnoe
Batting: RHB Harrison Smith 0-0: Fly out, F8 (Line Drive, 8RD, EV 92.5 MPH)
Batting: RHB Alvin Sanchez 0-0: Foul Ball, location: 2F
0-1: Swinging Strike
0-2: Ball
1-2: Foul Ball, location: 2F
1-2: Ball
2-2: Foul Ball, location: 2F
2-2: Fly out, F9 (Flyball, 9LM, EV 76.9 MPH)
Batting: RHB Karlos Joseph 0-0: Ball
1-0: Ball
2-0: Ball
3-0: Base on Balls
Pinch Hitting: RHB Kellen Hatheway 0-0: Called Strike
0-1: Fly out, F8 (Flyball, 8RXD, EV 91.9 MPH)
Top of the 9th over - 0 runs, 0 hits, 0 errors, 1 left on base; White Sands 6 - Santa Cruz 11
Friday, October 29th , 2021 - OOTP Baseball 22.10 Build 79